 Dungeon Crawl Stone Soup version 0.30-a0-920-g7493c07aab (webtiles) character file.

Game seed: 8362628478499513529

927 jasper the Digger (level 8, -6/48 HPs)
             Began as a Gargoyle Earth Elementalist on Mar 21, 2023.
             Was an Initiate of Vehumet.
             Mangled by an orc warrior
             ... wielding a +0 short sword
              (11 damage)
             ... on level 6 of the Dungeon.
             The game lasted 00:05:36 (4832 turns).

jasper the Digger (Gargoyle Earth Elementalist)     Turns: 4832, Time: 00:05:37

Health: -6/48      AC: 11    Str: 13      XL:     8   Next: 10%
Magic:  1/13       EV: 12    Int: 17      God:    Vehumet [......]
Gold:   275        SH:  0    Dex: 12 (16) Spells: 8/14 levels left

rFire   . . .      SeeInvis +    m - +1 whip (elec)
rCold   . . .      Faith    .    (no shield)
rNeg    + . .      Spirit   .    a - +0 robe
rPois   ∞          Reflect  .    b - +1 helmet
rElec   +          Rampage  .    (no cloak)
rCorr   .                        x - +0 pair of gloves
Will    .....                    i - +0 pair of boots
Stlth   ++                       (no amulet)
HPRegen 0.28/turn                y - ring of see invisible
MPRegen 0.13/turn                t - +6 ring of dexterity

@: no status effects
A: sickness immunity, AC +5, negative energy resistance 1, electricity
resistance, torment resistance 1, petrification resistance
a: Renounce Religion


You were on level 6 of the Dungeon.
You worshipped Vehumet.
Vehumet was noncommittal.
You visited 2 branches of the dungeon, and saw 7 of its levels.

You collected 275 gold pieces.

Inventory:

Hand Weapons
 f - a +1 hand axe
 m - a +1 whip of electrocution (weapon)
Missiles
 g - 50 stones
 o - 2 poisoned darts
 q - a throwing net
Armour
 a - a +0 robe (worn)
 b - a +1 helmet (worn)
 c - a +0 kite shield
 i - a +0 pair of boots (worn)
 x - a +0 pair of gloves (worn)
Magical Staves
 h - a staff of conjuration
Jewellery
 t - a +6 ring of dexterity (right hand)
 y - a ring of see invisible (left hand)
Wands
 s - a wand of polymorph (3)
Scrolls
 k - a scroll of noise
 n - a scroll of enchant weapon
 p - 2 scrolls of amnesia
 w - a scroll of enchant armour
Potions
 d - 2 potions of might
 j - 3 potions of mutation
 l - a potion of brilliance
 r - 2 potions of lignification {unknown}
 u - a potion of flight {unknown}
 v - a potion of ambrosia {unknown}


   Skills:
 + Level 3.7 Fighting
 + Level 3.3 Dodging
 - Level 2.1 Stealth
 + Level 3.8 Spellcasting
 + Level 3.2 Conjurations
 - Level 0.7 Transmutations
 * Level 7.4 Earth Magic


You had 8 spell levels left.
You knew the following spells:

 Your Spells              Type           Power      Damage    Failure   Level
a - Sandblast             Erth           56%        2d13      1%          1
b - Passwall              Tmut/Erth      14%        N/A       4%          2
c - Stone Arrow           Conj/Erth      42%        3d9       5%          3

Your spell library contained the following spells:

 Spells                   Type           Power      Damage    Failure   Level
 Dazzling Flash           Conj/Hex       16%        N/A       26%         3
 Petrify                  Tmut/Erth      17%        N/A       30%         4
 Cause Fear               Hex            1%         N/A       85%         4
 Agony                    Necr           3%         N/A       99%         5
 Silence                  Hex/Air        1%         N/A       99%         5
 Dragon Form              Tmut           2%         N/A       100%        7
 Dragon's Call            Summ           1%         N/A       100%        9


Dungeon Overview and Level Annotations

Branches:
Dungeon (6/15)             Temple (1/1) D:5

Altars:
Ashenzari
Cheibriados
Kikubaaqudgha
Okawaru
Qazlal
Trog
Vehumet
Wu Jian
Yredelemnul
Zin

Shops:
D:1 ?

Annotations:
D:5 1 transporter, cforsyth's ghost, amateur HuFi


Innate Abilities, Weirdness & Mutations

You are immune to sickness and miasma.
Your stone body is resilient. (AC +5)
You are immune to poison.
You resist negative energy. (rN+)
You are resistant to electric shocks. (rElec)
You are resistant to unholy torment.
You are immune to petrification.


Message History

You feel much better.
The orc warrior hits you but does no damage.
The orc barely misses you.
You regained 21 hp, and now have 22/48 hp.
Aiming: Sandblast (safe; 1% risk of failure)
Press: ? - help, Q - select action, (/) - cycle Shift-Dir - straight line, f/p - orc warrior
Aim: an orc warrior, wielding a +0 short sword and wearing a +0 chain mail (severely wounded, 81% to hit)
The blast of sand hits the orc warrior.
The orc warrior is severely wounded.
The orc hits you with a +0 war axe. The orc warrior completely misses you.
You take 4 damage, and have 18/48 hp.
You now have 4/13 mp.
Aiming: Sandblast (safe; 1% risk of failure)
Press: ? - help, Q - select action, (/) - cycle Shift-Dir - straight line, f/p - orc warrior
Aim: an orc warrior, wielding a +0 short sword and wearing a +0 chain mail (severely wounded, 81% to hit)
The blast of sand hits the orc warrior.
The orc warrior is almost dead.
The orc hits you with a +0 war axe.
The orc warrior hits you with a +0 short sword.
* * * LOW HITPOINT WARNING * * *
The orc completely misses you.
The orc warrior hits you with a +0 short sword.
* * * LOW HITPOINT WARNING * * *
You take 8 damage, and have 10/48 hp.
You now have 3/13 mp.
Aiming: Sandblast (safe; 1% risk of failure)
Press: ? - help, Q - select action, (/) - cycle Shift-Dir - straight line, f/p - orc warrior
Aim: an orc warrior, wielding a +0 short sword and wearing a +0 chain mail (almost dead, 81% to hit)
The blast of sand hits the orc warrior but does no damage.
The orc warrior is almost dead.
The orc warrior hits you with a +0 short sword.
* * * LOW HITPOINT WARNING * * *
The orc misses you.
You take 5 damage, and have 5/48 hp.
You now have 2/13 mp.
Aiming: Sandblast (safe; 1% risk of failure)
Press: ? - help, Q - select action, (/) - cycle Shift-Dir - straight line, f/p - orc warrior
Aim: an orc warrior, wielding a +0 short sword and wearing a +0 chain mail (almost dead, 81% to hit)
The blast of sand hits the orc warrior but does no damage.
The orc warrior is almost dead.
The orc barely misses you.
The orc warrior hits you with a +0 short sword!
You die...

### #<#
##†# #..#
##..#
#...#
##..##
#...#
#@.##
#.....oo.#
.##....)##
##$....
##....
..[...
#..#...
...##...


You could see an orc warrior and an orc.

Vanquished Creatures
  Sigmund (D:3)
  A water moccasin (D:6)
  A black bear (D:3)
  An ogre (D:4)
  A phantom (D:4)
  A jelly (D:4)
  A quasit (D:5)
  An orc priest (D:3)
  2 gnoll boudas
  A sleepcap (D:4)
  Jessica (D:2)
  Robin (D:2)
  4 adders
  3 shadow imps (D:5)
  3 white imps (D:5)
  6 ufetubi
  A worm (D:2)
  4 dart slugs
  11 orcs
  2 bats
  5 endoplasms
  A giant cockroach (D:2)
  14 goblins
  6 hobgoblins
  7 kobolds
  A quokka (D:4)
  7 ball pythons
  2 frilled lizards
  A rat (D:3)
91 creatures vanquished.

Vanquished Creatures (others)
  5 demonic plants
  5 fungi (D:3)
  6 plants (D:3)
  A withered plant (D:3)
17 creatures vanquished.

Grand Total: 108 creatures vanquished

Notes
Turn   | Place    | Note
-------+----------+-------------------------------------------
     0 | D:1      | jasper the Gargoyle Earth Elementalist began the quest for
                  | the Orb.
     0 | D:1      | Reached XP level 1. HP: 10/10 MP: 3/3
   309 | D:1      | Reached XP level 2. HP: 16/16 MP: 1/5
   312 | D:1      | Learned a level 2 spell: Passwall
   352 | D:1      | Found Extaanux's Magic Scroll Boutique.
   374 | D:1      | Reached skill level 4 in Earth Magic
   827 | D:2      | Reached skill level 1 in Fighting
   827 | D:2      | Reached XP level 3. HP: 19/20 MP: 3/6
  1211 | D:2      | Noticed Robin
  1235 | D:2      | Killed Robin
  1547 | D:2      | Noticed Jessica
  1551 | D:2      | Killed Jessica
  1552 | D:2      | Reached XP level 4. HP: 25/25 MP: 4/7
  2148 | D:3      | Learned a level 3 spell: Stone Arrow
  2191 | D:3      | Reached skill level 5 in Earth Magic
  2194 | D:3      | Reached XP level 5. HP: 30/30 MP: 1/8
  2397 | D:3      | Found a faded altar of an unknown god.
  2397 | D:3      | Noticed a black bear
  2404 | D:3      | Killed a black bear
  2405 | D:3      | Reached skill level 1 in Conjurations
  2745 | D:3      | Noticed Sigmund
  2749 | D:3      | Killed Sigmund
  2750 | D:3      | Reached skill level 6 in Earth Magic
  2750 | D:3      | Reached XP level 6. HP: 36/36 MP: 6/10
  3339 | D:4      | Reached XP level 7. HP: 40/40 MP: 9/11
  3396 | D:4      | Found a bloodstained altar of Trog.
  3946 | D:5      | Entered Level 5 of the Dungeon
  3978 | D:5      | Found a staircase to the Ecumenical Temple.
  4005 | Temple   | Entered the Ecumenical Temple
  4164 | Temple   | Became a worshipper of Vehumet
  4279 | D:5      | Reached skill level 7 in Earth Magic
  4489 | D:5      | Found a transporter.
  4489 | D:5      | Noticed cforsyth's ghost (amateur HuFi)
  4686 | D:6      | Reached XP level 8. HP: 14/48 MP: 8/13
  4827 | D:6      | HP: 1/48 [orc/+0 war axe (6)]
  4832 | D:6      | Mangled by an orc warrior

Illustrated notes

Levels and vault maps discovered:
D:1:      minmay_arrival_widening_spiral_wide, layout_basic, serial_shops,
          nicolae_shop_advertising_works [nicolae_subvault_shop_adworks]
D:2:      layout_basic, chequers_serial_rivers_micro_d, kennysheep_another_room,
          uniq_jessica, uniq_robin
D:3:      layout_loops_ring, shapermc_ecumenical_altar_gd, uniq_sigmund
D:4:      minmay_recursive_quarters, layout_cave_pools, minmay_ruined_shrine
D:5:      layout_gridville, minmay_temple_entry_ruins, serial_demonic,
          serial_demonic_e, serial_demonic_f, serial_demonic_f,
          serial_demonic_b, serial_demonic_c, serial_demonic_d,
          serial_demonic_a, serial_demonic_f, serial_demonic_a,
          serial_demonic_d, gammafunk_ghost_mausoleum
D:6:      gammafunk_wand_slinger, layout_cave_pools, minmay_crossroads,
          uniq_pikel, uniq_crazy_yiuf_cottage
Temple:   mainiacjoe_temple_cubbyholes

Skill      XL: |  1  2  3  4  5  6  7 |
---------------+----------------------+-----
Earth Magic    | 4 5 6 7 |  7.4
Fighting       | 1 2 3 |  3.7
Dodging        | 2 3 |  3.3
Conjurations   | 1 2 3 |  3.2
Spellcasting   | 3 |  3.8
Stealth        | |  2.1
Transmutations | |  0.7

Action                     |  1- 3 |  4- 6 |  7- 9 || total
---------------------------+-------+-------+-------++-------
  Melee: Hand axe          |     1 |       |       ||     1
         Staff             |     2 |    10 |       ||    12
   Cast: Sandblast         |    37 |    51 |    79 ||   167
    Use: Scroll            |     1 |     8 |     3 ||    12
         Potion            |     1 |       |     1 ||     2
 Armour: Robe              |     4 |    16 |    45 ||    65
  Dodge: Dodged            |    13 |    19 |    61 ||    93

Table legend: (Time is in decaauts)
 A = Elapsed time spent in this place.
 B = Non-inter-level travel time spent in this place.
 C = Inter-level travel time spent in this place.
 D = Time resting spent in this place.
 E = Time spent auto-exploring this place.
 F = Levels seen in this place.
 G = Mean time per level.
                   A        B        C        D        E       F      G
               +--------+--------+--------+--------+--------+-----+--------+
         Total |   4914 |   4686 |    228 |    183 |   3909 |   7 |  702.0 |
       Dungeon |   4665 |   4525 |    140 |    183 |   3761 |   6 |  777.5 |
        Temple |    248 |    160 |     88 |      0 |    148 |   1 |  248.0 |
               +--------+--------+--------+--------+--------+-----+--------+

Top non-repeatable levels by time:
     D:2: 1341 daAuts
     D:3: 946 daAuts
     D:4: 895 daAuts
     D:1: 821 daAuts
     D:5: 502 daAuts
  Temple: 248 daAuts
     D:6: 158 daAuts
